 Dungeon Crawl Stone Soup version 0.22.1-1-ga44c0e5 (webtiles) character file.

184 suicidejoker the Shield-Bearer (level 5, -2/50 HPs)
             Began as a Deep Dwarf Fighter on Oct 15, 2018.
             Killed by divine providence
             ... invoked by an orc priest
              (11 damage)
             ... on level 4 of the Dungeon.
             The game lasted 00:02:30 (1546 turns).

suicidejoker the Shield-Bearer (Deep Dwarf Fighter) Turns: 1546, Time: 00:02:31

Health: -2/50      AC: 11    Str: 25      XL:     5   Next: 36%
Magic:  5/5        EV:  4    Int:  7 (8)  God:
Gold:   43         SH: 10    Dex: 12 (13) Spells: 4/4 levels left

rFire    . . .     SeeInvis .   l - +2 dagger (venom)
rCold    . . .     Gourm    .   c - +0 shield
rNeg     . . .     Faith    .   o - +0 plate armour
rPois    .         Spirit   .   (no helmet)
rElec    .         Reflect  .   (no cloak)
rCorr    .         Harm     .   (no gloves)
MR       .....                  (no boots)
Stlth    ..........             (no amulet)
HPRegen  0.00/turn              (no ring)
MPRegen  0.09/turn              (no ring)

@: mighty, flying, non-regenerating
A: damage resistance, heal wounds, sense surroundings 1, no regeneration
a: Heal Wounds


You were on level 4 of the Dungeon.
You were very hungry.

You visited 1 branch of the dungeon, and saw 3 of its levels.

You collected 43 gold pieces.

Inventory:

Hand Weapons
 a - a +0 long sword
 l - a +2 dagger of venom (weapon)
Missiles
 j - 23 poisoned needles
 k - 75 stones (quivered)
Armour
 c - a +0 shield (worn)
 o - a +0 plate armour (worn)
Scrolls
 e - 2 scrolls of teleportation {unknown}
 h - 2 scrolls of remove curse {unknown}
 i - a scroll of enchant weapon {unknown}
 m - a scroll of enchant armour {unknown}
 p - a scroll of blinking {unknown}
 r - a scroll of noise {unknown}
Potions
 n - 2 potions of curing {unknown}
 q - 2 potions of mutation {unknown}
 s - a potion of berserk rage {unknown}
Comestibles
 f - 3 rations


   Skills:
 * Level 3.9 Fighting
 + Level 2.8 Long Blades
 + Level 4.0 Armour
 + Level 2.5 Stealth
 + Level 4.0 Shields


You had 4 spell levels left.
You didn't know any spells.
Your spell library was empty.

Dungeon Overview and Level Annotations

Branches:
Dungeon (2/15)

Altars:
Trog


Innate Abilities, Weirdness & Mutations

You are resistant to damage.
You can heal yourself by infusing magical energy.
You passively map a small area around you.
You do not regenerate.


Message History

You puncture Edmund!
You kill Edmund!
You feel your strength returning.
You feel your intelligence returning.
You feel your dexterity returning.
Your Armour skill increases to level 4!
Your Stealth skill increases to level 2!
Your Shields skill increases to level 4!
You have reached level 5!
The orc wizard hits you with a dagger. You block the dart slug's attack.
You hit the orc wizard.
The orc wizard is moderately wounded.
The orc priest calls upon Beogh to heal the orc wizard.
The orc wizard's wounds heal themselves!
You block the orc wizard's attack.
The orc priest mumbles some strange prayers to Beogh against you.
Beogh smites you!
* * * LOW HITPOINT WARNING * * *
The orc priest invokes the aid of Beogh against you.
Beogh smites you!
You die...

................ ,
...............% ,,
,............o... ,
..........#* * * ,
.........o# * *
..........# *
........o.# * *
.........o######+##
*** ,
........ooo@.......,
####....###w)...$..
,, ....... #.....)..
....... #........ ,,
, ...... #........,
..... #........ ,
.... #........ ,, ,
####.#### , , ,


You could see 2 orc priests, an orc wizard, a dart slug and 2 orcs.

Vanquished Creatures
  Edmund (D:4)
  3 adders (D:2)
  2 oozes (D:1)
  A dart slug (D:1)
  A leopard gecko (D:1)
  An orc (D:2)
  3 giant cockroaches (D:1)
  4 goblins (D:1)
  3 hobgoblins
  A ball python (D:1)
  7 bats
  A frilled lizard (D:2)
  7 kobolds
  A rat (D:1)
36 creatures vanquished.

Notes
Turn   | Place    | Note
-------+----------+-------------------------------------------
     0 | D:1      | suicidejoker the Deep Dwarf Fighter began the quest for the
                  | Orb.
     0 | D:1      | Reached XP level 1. HP: 20/20 MP: 1/1
    41 | D:1      | Reached XP level 2. HP: 24/27 MP: 2/2
   343 | D:1      | Reached skill level 1 in Stealth
   467 | D:1      | Reached XP level 3. HP: 28/34 MP: 3/3
  1167 | D:2      | Found a bloodstained altar of Trog.
  1283 | D:2      | Reached XP level 4. HP: 27/42 MP: 4/4
  1525 | D:2      | You fall through a shaft for 2 floors!
  1530 | D:4      | Noticed Edmund
  1545 | D:4      | Killed Edmund
  1545 | D:4      | Reached XP level 5. HP: 24/50 MP: 5/5
  1546 | D:4      | Killed from afar by an orc priest

Skill      XL: |  1  2  3  4 |
---------------+-------------+-----
Fighting       | 3 |  3.9
Stealth        | 1 2 |  2.5
Armour         | 4 |  4.0
Shields        | 4 |  4.0
Long Blades    | |  2.8

Action                   |  1- 3 |  4- 6 || total
-------------------------+-------+-------++-------
Melee: Long sword        |    85 |       ||    85
       Dagger            |    27 |    12 ||    39
  Use: Potion            |       |     3 ||     3
  Eat: Chunk             |     1 |       ||     1
Armor: Scale mail        |    43 |       ||    43
       Plate armour      |     9 |    11 ||    20
Dodge: Dodged            |    42 |     2 ||    44
Block: Shield            |    90 |    11 ||   101
       Rpst.: Long sword |    10 |       ||    10
